 Seeded DCSS version 0.30.1-4-g462c640d31 (webtiles) character file.

Game seed: 6351066067085065685 (custom seed)

0 Esekla the Grave Robber (level 1, -3/10 HPs)
             Began as a Deep Elf Necromancer on Sept 1, 2023.
             Slain by a hound (4 damage)
             ... on level 5 of the Dungeon.
             The game lasted 00:02:25 (237 turns).

Esekla the Grave Robber (Deep Elf Necromancer)       Turns: 237, Time: 00:02:25

Health: -3/10      AC:  2    Str:  5    XL:     1   Next: 8%
Magic:  6/6        EV: 12    Int: 19    God:
Gold:   0          SH:  0    Dex: 15    Spells: 5/6 levels left

rFire   . . .        c - +0 short sword
rCold   . . .        (no shield)
rNeg    . . .        a - +0 robe
rPois   .            (no helmet)
rElec   .            (no cloak)
rCorr   .            (no gloves)
SInv    .            (no boots)
Will    .....        (no amulet)
Stlth   ++           (no ring)
HPRegen 0.21/turn    (no ring)
MPRegen 0.10/turn

%: no passive effects
@: no status effects
A: no striking features
a: no special abilities


You were on level 5 of the Dungeon.
You visited 1 branch of the dungeon, and saw 4 of its levels.

Inventory:

Hand Weapons
 c - a +0 short sword (weapon)
Armour
 a - a +0 robe (worn)
Wands
 h - a wand of roots (7)
Scrolls
 f - a scroll of identify {unknown}
 i - a scroll of enchant weapon {unknown}
Potions
 b - a potion of magic
 d - a potion of ambrosia {unknown}
 e - a potion of attraction {unknown}
 g - a potion of heal wounds {unknown}


   Skills:
 * Level 2.4 Dodging
 + Level 2.5 Stealth
 * Level 3.0 Spellcasting
 + Level 4.8 Necromancy


You had 5 spell levels left.
You knew the following spells:

 Your Spells              Type           Power      Damage    Failure   Level
a - Necrotise             Necr           84%        1d8       1%          1

Your spell library contained the following spells:

 Spells                   Type           Power      Damage    Failure   Level
 Vampiric Draining        Necr           21%        2d7       6%          3
 Animate Dead             Necr           21%        N/A       21%         4
 Agony                    Necr           21%        N/A       50%         5


Dungeon Overview and Level Annotations

Branches:
Dungeon (3/15)

Altars:


Message History

You open the door.
Found 7 stones.
Found a robe.
There is an open door here.
Found a stone staircase leading down.
A sourceless malevolence fills the Dungeon...
You fall into a shaft and drop 2 floors!
The shaft crumbles and collapses.
Found a scroll of fear.
Found a scroll labelled BUGABINK IGUEV.
Found a whip.
h - a scroll of fear
Found a scroll labelled MANIROASHRE.
i - a scroll labelled BUGABINK IGUEV An adder comes into view.
Found 20 gold pieces and a war axe.
An adder comes into view.
The adder hisses angrily.
Found a forked brass wand.
Found a stone staircase leading down.
You see here a wand of roots (7).
As you read the scroll of fear, it crumbles to dust.
You assume a fearsome visage.
The adder looks frightened!
h - a wand of roots (7)
A hound comes into view.
The hound barks!
You closely miss the hound. The hound misses you.
You hit the hound but do no damage. The hound barely misses you.
The hound bites you.
You closely miss the hound. The hound closely misses you.
You hit the hound but do no damage. The hound barely misses you.
The hound closely misses you.
You barely miss the hound. The hound bites you.
* * * LOW HITPOINT WARNING * * *
You hit the hound.
The hound is moderately wounded.
The hound bites you.
* * * LOW HITPOINT WARNING * * *
The hound bites you.
You die...

#...# ###....
....# .. .?.#.#
#.#.# ... ..##.#
#.#.# ..# #.##S#
#.#.# ... #.##.#
#.#.# #.###.##.#
#...# .
#...)...######...#
..
#..........@h...#
#.#
##..#####.####.##
#.###.#.# #.# #.#
#.#.##.#####.##
#.#
####........^....
.>#
...........###.#
### ####.####..#
#.# #... $..# #.#
#####.###


You could see a hound.

Vanquished Creatures
  A kobold (D:1)
1 creature vanquished.

Notes
Turn   | Place    | Note
-------+----------+-------------------------------------------
     0 | D:1      | Esekla the Deep Elf Necromancer began the quest for the
                  | Orb.
     0 | D:1      | Reached XP level 1. HP: 10/10 MP: 6/6
   185 | D:3      | You fall into a shaft and drop 2 floors!
   185 | D:5      | Entered Level 5 of the Dungeon
   226 | D:5      | Noticed a hound
   237 | D:5      | Slain by a hound

Illustrated notes

Levels and vault maps discovered:
D:1:      sevenhm_arrival_forest_fort_small_3, layout_rooms,
          chequers_serial_rivers_room_b, minmay_misc_feat_five
D:2:      layout_loops_ring, dreamdust_ecumenical_altar_angels_and_demons,
          serial_shops, shop
D:3:      layout_basic, grunt_temple_overflow_open, minmay_misc_feat_iff
D:5:      layout_loops_ring, lemuel_doored_altar, minmay_misc_feat_rows,
          dreamdust_wishing_well

Action                     || total
---------------------------++-------
  Melee: Unarmed           ||     9
         Short sword       ||     6
    Use: Scroll            ||     2
 Armour: Robe              ||    16
  Dodge: Dodged            ||    46
